Map: Frost LE

Players

Ice

  • Race: Zerg Zerg
  • League: Master

Lovecrit - Winner!

  • Race: Protoss Protoss
  • League: Master

VOD

Have the link to the VOD?

Description

Time

  • Played on: July 27, 2016, 4:11 p.m.
  • Length: 9:47
Show
View Real Time Build Order
Export as new Build Order

Ice Zerg 

Build Orders: Hatch First 

Get SALT Encoding   

  12  0:01  Drone  
  13  0:12  Overlord  
  13  0:18  Drone  
  14  0:31  Drone x2  
  16  0:39  Drone  
  17  0:53  Hatchery  
  17  0:55  Drone  
  17  1:00  Drone  
  18  1:14  Extractor  
  18  1:16  Spawning Pool  
  18  1:18  Drone  
  17  1:20  Drone  
  18  1:28  Drone  
  19  1:40  Overlord  
  19  1:50  Drone  
  21  2:01  Drone  
  21  2:05  Queen x2  
  21  2:07  Drone  
  26  2:12  Drone  
  26  2:15  Metabolic Boost  
  27  2:19  Drone  
  28  2:23  Drone  
  28  2:29  Drone  
  30  2:35  Drone  
  31  2:41  Hatchery  
  30  2:45  Overlord  
  30  2:47  Drone  
  31  2:53  Pneumatized Carapace  
  31  2:55  Drone  
  31  2:57  Drone  
  33  3:01  Drone  
  33  3:05  Overlord  
  34  3:15  Zergling x10  
  34  3:18  Drone x2  
  41  3:20  Drone  
  41  3:25  Drone  
  43  3:29  Overlord  
  43  3:37  Drone  
  44  3:41  Drone  
  44  3:46  Spore Crawler x2  
  44  3:48  Drone  
  44  3:49  Queen  
  44  3:50  Queen  
  44  3:53  Drone x2  
  49  4:06  Drone x7  
  49  4:08  Extractor  
  49  4:09  Extractor  
  54  4:12  Baneling Nest  
  53  4:18  Spore Crawler  
  52  4:30  Drone x4  
  52  4:31  Drone, Overlord x2  
  57  4:40  Lair  
  57  4:41  Extractor  
  57  4:44  Evolution Chamber  
  55  4:50  Drone x8  
  63  4:58  Overlord x2  
  63  4:59  Overlord  
  63  5:18  Zergling x2  
  63  5:19  Zergling x20  
  74  5:34  Baneling x3  
  74  5:46  Zergling x2  
  74  5:47  Zergling x18  
  74  5:48  Baneling  
  74  5:49  Baneling x21  
  84  6:00  Zergling x2  
  75  6:24  Zergling x2  
  75  6:25  Zergling x30  
  86  6:26  Roach Warren  
  86  6:27  Queen x2  
  89  6:35  Zergling x2  
  89  6:36  Queen  
  88  6:42  Zergling x4  
  88  6:44  Baneling x5  
  88  6:45  Baneling x4  
  68  7:11  Overlord x2  
  68  7:12  Overlord x6  
  58  7:33  Roach  
  58  7:34  Roach x12  
  77  7:41  Roach x3  
  79  7:46  Roach x4  
  87  7:55  Zergling x10  
  87  8:06  Roach x4  
  80  8:15  Roach  
  80  8:16  Roach  
  69  8:23  Roach  
  55  8:37  Roach  
  55  8:38  Roach x2  
  55  8:40  Ravager  
  54  8:42  Ravager  
  54  8:45  Ravager x2  
  54  8:47  Zergling x2  
  44  9:08  Zergling x8  
  37  9:18  Zergling x2  
  37  9:19  Zergling x4  
Show
View Real Time Build Order
Export as new Build Order

Lovecrit Protoss - Winner!

Build Orders: 1 Gate Expand 

Get SALT Encoding   

  12  0:01  Probe (Chrono Boost)  
  13  0:11  Probe (Chrono Boost)  
  14  0:17  Pylon  
  14  0:22  Probe (Chrono Boost)  
  15  0:36  Probe (Chrono Boost)  
  15  0:38  Gateway  
  16  0:46  Probe (Chrono Boost)  
  17  0:50  Assimilator  
  18  0:57  Probe (Chrono Boost)  
  18  1:07  Probe (Chrono Boost)  
  19  1:18  Probe (Chrono Boost)  
  20  1:27  Nexus  
  20  1:31  Probe (Chrono Boost)  
  21  1:40  Cybernetics Core  
  21  1:49  Pylon  
  21  1:51  Probe (Chrono Boost)  
  22  1:59  Assimilator  
  22  2:01  Probe (Chrono Boost)  
  23  2:12  Probe (Chrono Boost)  
  24  2:16  Stalker  
  24  2:17  Warp Gate  
  27  2:22  Probe (Chrono Boost)  
  27  2:33  Probe (Chrono Boost)  
  28  2:40  Probe (Chrono Boost)  
  31  2:44  Mothership Core (Chrono Boost)  
  31  2:50  Probe (Chrono Boost)  
  32  2:54  Robotics Facility  
  32  3:01  Probe (Chrono Boost)  
  32  3:02  Probe (Chrono Boost)  
  34  3:11  Probe (Chrono Boost)  
  36  3:13  Probe (Chrono Boost)  
  36  3:15  Pylon  
  36  3:17  Sentry  
  38  3:22  Probe (Chrono Boost)  
  38  3:23  Probe (Chrono Boost)  
  40  3:32  Probe (Chrono Boost)  
  40  3:34  Probe (Chrono Boost)  
  42  3:38  Immortal  
  42  3:43  Probe (Chrono Boost)  
  42  3:46  Probe (Chrono Boost)  
  48  3:48  Assimilator  
  48  3:49  Sentry  
  50  3:58  Probe (Chrono Boost), Pylon  
  50  4:00  Probe (Chrono Boost)  
  53  4:10  Probe (Chrono Boost)  
  53  4:12  Immortal  
  53  4:19  Gateway  
  53  4:20  Gateway  
  53  4:22  Probe (Chrono Boost)  
  53  4:23  Probe (Chrono Boost), Gateway  
  59  4:32  Sentry, Gateway  
  59  4:35  Gateway  
  61  4:41  Gateway x2  
  61  4:45  Pylon  
  61  4:57  Warp Prism  
  61  5:03  Pylon  
  61  5:04  Pylon  
  63  5:14  Pylon  
  63  5:16  Sentry x2  
  63  5:17  Stalker, Pylon  
  69  5:21  Adept  
  71  5:31  Observer  
  72  5:35  Adept  
  72  5:36  Adept  
  72  5:41  Adept x2  
  72  5:42  Adept x3  
  86  5:53  Pylon  
  86  5:55  Pylon  
  86  6:04  Stalker x4  
  84  6:21  Sentry x2, Adept  
  84  6:25  Adept  
  69  6:40  Zealot x4  
  67  7:07  Adept  
  67  7:08  Adept x5  
  61  7:09  Adept  
  61  7:12  Adept  
  65  7:28  Adept x4  
  67  7:39  Adept x2  
  71  7:57  Adept  
  71  7:58  Adept x3  
  79  8:09  Adept  
  79  8:10  Adept  
  69  8:17  Stalker  
  55  8:27  Stalker  
  55  8:28  Adept  
  51  8:35  Stalker  
  53  8:43  Adept x2  
  52  9:04  Stalker x2  
  52  9:05  Stalker  
  46  9:16  Stalker  
  42  9:25  Adept x2  
  42  9:26  Adept  
  48  9:37  Stalker  
  50  9:39  Adept x2  
  50  9:41  Zealot  
Tags
 
Add a new tag
Caveats
  • Supply blocks, unpowered buildings, or Contaminate may cause inaccurate times.
  • Supply counts are checked every 10 seconds.